Map: 暮色之塔

Players

shengy - Winner!

  • Race: Zerg Zerg
  • League: Platinum

Xaos

  • Race: Zerg Zerg
  • League: Platinum

VOD

Have the link to the VOD?

Description

Time

  • Played on: Dec. 26, 2015, 6:12 p.m.
  • Length: 13:08
Show
View Real Time Build Order
Export as new Build Order

shengy Zerg - Winner!

Build Orders: Hatch First, Zergling Baneling 

Get SALT Encoding   

  12  0:01  Drone  
  13  0:10  Drone  
  14  0:17  Overlord  
  14  0:36  Drone  
  14  0:37  Drone x2  
  17  0:47  Drone  
  18  0:57  Hatchery  
  18  1:01  Drone  
  18  1:09  Drone  
  19  1:17  Spawning Pool  
  18  1:19  Extractor  
  17  1:29  Overlord  
  17  2:04  Queen  
  17  2:05  Zergling x2  
  17  2:06  Zergling x4  
  22  2:10  Queen  
  22  2:11  Drone  
  25  2:17  Zergling x2  
  25  2:21  Metabolic Boost  
  26  2:23  Spine Crawler  
  26  2:25  Drone  
  26  2:34  Drone  
  26  2:36  Drone  
  28  2:46  Baneling Nest  
  28  2:47  Drone  
  28  2:50  Extractor  
  28  2:51  Drone x2  
  29  2:58  Drone  
  30  3:32  Overlord  
  30  3:33  Overlord  
  30  3:39  Overlord  
  30  3:40  Overlord  
  30  3:52  Zergling x2  
  30  3:53  Zergling x10  
  36  4:01  Zergling x6  
  36  4:02  Zergling x2  
  38  4:14  Baneling x6  
  38  4:15  Baneling x2  
  38  4:19  Drone  
  38  4:20  Drone x2  
  38  4:21  Drone x2  
  43  4:35  Roach Warren  
  43  4:37  Drone x2  
  44  4:39  Drone  
  44  4:43  Drone  
  46  4:46  Drone  
  46  4:49  Drone  
  48  4:55  Drone x2  
  50  5:04  Zergling x6  
  52  5:19  Drone x8  
  59  5:24  Extractor  
  59  5:26  Lair  
  58  5:28  Drone  
  59  5:46  Hatchery, Extractor  
  59  5:48  Evolution Chamber  
  59  5:49  Drone x3  
  59  5:50  Evolution Chamber  
  58  6:06  Overlord  
  58  6:07  Overlord x4  
  58  6:18  Zerg Missile Weapons Level 1, Zerg Ground Armor Level 1  
  58  6:27  Glial Reconstitution  
  58  6:35  Roach x6  
  58  6:37  Roach  
  72  6:45  Roach x2  
  72  6:46  Roach  
  78  6:59  Roach x2  
  78  7:00  Roach x3  
  88  7:03  Queen  
  89  7:11  Roach  
  89  7:12  Roach x2  
  94  7:39  Roach x6  
  96  8:00  Roach x5  
  96  8:02  Overlord  
  96  8:03  Overlord x3  
  97  8:15  Roach  
  97  8:16  Roach x5  
  103  8:30  Drone x8  
  111  8:39  Drone x2  
  113  8:44  Zerg Missile Weapons Level 2  
  113  9:00  Zergling x2  
  113  9:01  Zergling x22  
  123  9:08  Drone x2  
  123  9:09  Drone x3  
  128  9:11  Ravager  
  128  9:12  Ravager  
  128  9:13  Ravager  
  128  9:14  Ravager  
  132  9:24  Overseer  
  132  9:28  Baneling  
  132  9:29  Baneling x3  
  132  9:31  Zerg Ground Armor Level 2  
  132  9:37  Overlord x4  
  112  10:04  Roach x6  
  112  10:05  Roach x10  
  140  10:07  Roach  
  140  10:08  Roach  
  142  10:19  Hydralisk Den, Infestation Pit  
  140  10:30  Overlord  
  107  11:00  Roach x7  
  107  11:01  Roach x11  
  139  11:14  Extractor  
  139  11:15  Extractor  
  139  11:18  Hatchery, Hive  
  136  11:23  Ravager x8  
  136  11:24  Ravager x2  
  146  11:36  Roach x4  
  146  11:37  Roach  
  154  11:41  Hatchery, Extractor  
  154  11:43  Extractor  
  124  12:01  Hydralisk x5  
  122  12:04  Roach  
  122  12:05  Roach x2  
  136  12:34  Zergling x20  
Show
View Real Time Build Order
Export as new Build Order

Xaos Zerg 

Build Orders: Pool First, Zergling Baneling 

Get SALT Encoding   

  12  0:02  Drone  
  13  0:12  Drone  
  14  0:20  Overlord  
  14  0:39  Drone x3  
  17  0:48  Spawning Pool  
  16  1:11  Hatchery  
  15  1:18  Extractor  
  15  1:19  Drone x2  
  16  1:35  Queen  
  16  1:38  Zergling x4  
  20  1:42  Zergling x2  
  21  1:56  Drone  
  22  2:21  Overlord  
  22  2:22  Metabolic Boost  
  22  2:24  Queen  
  22  2:26  Drone  
  25  2:30  Overlord  
  25  2:31  Overlord  
  25  2:43  Zergling x4  
  27  2:52  Baneling Nest  
  27  2:53  Drone  
  27  2:55  Drone x2  
  29  3:04  Drone x2  
  31  3:14  Zergling x2  
  31  3:19  Zergling x6  
  32  3:36  Drone x5  
  37  3:46  Roach Warren  
  36  3:52  Baneling x2  
  36  3:53  Baneling x6  
  36  3:57  Zergling x4  
  38  4:19  Drone x2  
  40  4:33  Roach x4  
  40  4:38  Hatchery  
  47  4:48  Roach  
  47  4:49  Roach  
  51  4:53  Extractor  
  51  4:54  Spine Crawler  
  51  4:56  Drone  
  51  4:57  Drone x2  
  51  5:09  Overlord x2  
  51  5:12  Overlord  
  51  5:24  Overlord  
  51  5:35  Lair  
  51  5:37  Zergling x8  
  51  5:38  Zergling x2  
  51  5:42  Drone x2  
  58  5:43  Extractor x2, Drone x4  
  60  5:53  Queen  
  62  6:02  Drone  
  62  6:03  Drone x6  
  62  6:04  Drone  
  69  6:18  Roach x2, Zergling x2  
  72  6:34  Evolution Chamber  
  72  6:37  Evolution Chamber  
  72  6:39  Roach x2  
  76  6:40  Roach x4  
  76  6:45  Drone x2  
  84  6:49  Drone x3  
  87  6:54  Overlord  
  87  7:03  Zerg Missile Weapons Level 1  
  87  7:05  Zerg Ground Armor Level 1  
  86  7:19  Ravager x5  
  91  7:25  Roach x3  
  97  7:40  Overlord x2  
  97  7:41  Overlord x3  
  89  7:52  Drone x3  
  88  8:02  Roach  
  81  8:13  Roach x6  
  81  8:14  Roach  
  86  8:22  Roach x5  
  86  8:23  Roach x5  
  96  8:41  Roach x4  
  102  8:43  Ravager x3  
  99  9:03  Ravager x3  
  99  9:09  Extractor  
  101  9:10  Extractor  
  101  9:16  Zergling x4  
  101  9:17  Overlord x2, Zergling x6  
  103  9:18  Roach x4, Zergling x2  
  103  9:19  Roach x3  
  103  9:21  Hatchery  
  119  9:25  Ravager  
  120  9:38  Drone  
  120  9:39  Drone x3  
  120  9:45  Zerg Missile Weapons Level 2  
  124  9:50  Roach x3  
  124  9:51  Roach x2  
  114  10:06  Roach x5  
  114  10:07  Roach x2  
  120  10:09  Ravager  
  120  10:12  Ravager  
  122  10:16  Lair  
  122  10:20  Zergling x2  
  122  10:21  Zergling x10  
  122  10:40  Roach x3  
  122  10:41  Roach x5  
  129  10:54  Roach  
  129  10:55  Roach x4  
  126  11:00  Roach, Zergling x2  
  126  11:01  Zergling x2  
  130  11:05  Ravager x4  
  134  11:15  Glial Reconstitution  
  134  11:27  Roach x6  
  134  11:28  Roach x2  
  150  11:37  Hydralisk Den  
  107  11:51  Roach x4  
  86  12:03  Roach x4  
  92  12:13  Roach x2  
  92  12:14  Roach x3  
  94  12:22  Roach x3  
  100  12:26  Ravager x5  
  100  12:34  Roach x3  
  88  12:43  Roach  
  88  12:44  Roach x2  
Tags
 
Add a new tag
Caveats
  • Supply blocks, unpowered buildings, or Contaminate may cause inaccurate times.
  • Supply counts are checked every 10 seconds.